 Dungeon Crawl Stone Soup version 0.29.0-4-gdea44cf6ec (webtiles) character file.

Game seed: 7963175979043766729

13614 qw the Cleaver (level 12, -9/97 HPs)
             Began as a Formicid Cinder Acolyte on Sept 4, 2022.
             Was a Follower of Ignis.
             Succumbed to Sonja's poison
             ... on level 1 of the Lair of Beasts.
             The game lasted 00:04:23 (9176 turns).

qw the Cleaver (Formicid Cinder Acolyte)            Turns: 9176, Time: 00:04:23

Health: -9/97      AC: 32    Str: 23 (24) XL:     12   Next: 34%
Magic:  13/13      EV:  7    Int: 11 (14) God:    Ignis [*.....]
Gold:   787        SH:  0    Dex:  8 (9)  Spells: 13/13 levels left

rFire   + . .      SeeInvis +   Y - +3 battleaxe (freeze)
rCold   + . .      Faith    .   (no shield)
rNeg    + . .      Spirit   .   f - +0 plate armour
rPois   .          Reflect  .   (helmet unavailable)
rElec   .          Harm     .   a - +1 cloak
rCorr   .          Rampage  .   e - +0 pair of gloves
Will    +....                   o - +2 pair of boots
Stlth   ..........              i - amulet of regeneration
HPRegen 1.06/turn               l - ring of Assytamn {rC+ rN+ AC+4 Slay+2}
MPRegen 0.13/turn               (no ring)

@: lethally poisoned (-9 -> -49), fiery-armoured
A: permanent stasis, dig shafts and tunnels, antennae 3, four strong arms
a: Dig, Shaft Self, Renounce Religion, Fiery Armour, Foxfire Swarm, Rising Flame


You were on level 1 of the Lair of Beasts.
You worshipped Ignis.
Ignis was aware of your devotion.
You visited 2 branches of the dungeon, and saw 12 of its levels.

You collected 901 gold pieces.
You spent 114 gold pieces at shops.


Innate Abilities, Weirdness & Mutations

You cannot be hasted, slowed, berserked, paralysed or teleported.
You can dig through walls and to a lower floor.
You have a pair of large antennae on your head. (SInv)
Your four strong arms can wield two-handed weapons with a shield.


   Skills:
 - Level 10.1 Fighting
 + Level 14.7 Axes
 - Level 2.1 Throwing
 - Level 9.0 Armour
 - Level 2.0 Dodging
 - Level 1.1 Spellcasting
 - Level 3.0 Fire Magic


You had 13 spell levels left.
You didn't know any spells.
Your spell library contained the following spells:

 Spells                   Type           Power      Damage    Failure   Level
 Scorch                   Fire           14%        2d5       88%         2

Inventory:

Hand Weapons
 n - a +0 hand axe of flaming
 Y - a +3 battleaxe of freezing (weapon)
Missiles
 r - a boomerang (quivered)
Armour
 a - a +1 cloak (worn)
 e - a +0 pair of gloves (worn)
 f - a +0 plate armour (worn)
 j - the +2 pair of boots of Qeohun {rElec rF- Int+4 Stlth+}
   (You found it on level 8 of the Dungeon)

   Int:       It affects your intelligence (+4).
   rF:        It makes you vulnerable to fire.
   rElec:     It insulates you from electricity.
   Stlth:     It makes you more stealthy.
 o - a +2 pair of boots (worn)
Jewellery
 i - an amulet of regeneration (around neck)
 l - the ring of Assytamn (left hand) {rC+ rN+ AC+4 Slay+2}
   (You found it on level 11 of the Dungeon)

   [ring of protection]

   AC:        It affects your AC (+4).
   Slay:      It affects your accuracy & damage with ranged weapons and melee
   (+2).
   rC:        It protects you from cold.
   rN:        It protects you from negative energy.
Scrolls
 c - a scroll of identify
Potions
 b - 2 potions of mutation
 d - a potion of flight {unknown}
 g - a potion of might
 h - a potion of curing {unknown}
 k - a potion of haste {unknown}
 m - a potion of magic {unknown}
 p - a potion of berserk rage {unknown}
 s - a potion of cancellation

Dungeon Overview and Level Annotations

Branches:
Dungeon (11/15)            Temple (0/1) D:4            Lair (1/5) D:11
    Orc (0/2) D:11

Altars:
Ashenzari
Gozag
Kikubaaqudgha
Uskayaw
Wu Jian
Yredelemnul

Shops:
D:3 ?*[[[

Portals:
Trove: D:10 (give plate armour of Pantheism)

Annotations:
D:8 2 runed translucent doors
D:9 3 runed translucent doors, qw's ghost, journeyman TrCA; qw's ghost, novice TrCA


Message History

Press: ? - help, Q - select action Shift-Dir - straight line, f/p - Sonja You throw a boomerang.
The boomerang hits Sonja.
Sonja is lightly wounded.
You feel extremely sick.
You feel very sick.
Sonja hits you with a +0 short sword of venom.
You are more poisoned.
Sonja is burned by your cloak of flames.
Sonja is moderately wounded.
Sonja hits you but does no damage.
You are more poisoned.
Sonja is burned by your cloak of flames.
Sonja is heavily wounded.
Sonja hits you but does no damage.
You are lethally poisoned!
Sonja is burned by your cloak of flames.
Sonja is severely wounded.
You barely miss Sonja.
Sonja is severely wounded.
You feel extremely sick. Sonja hits you but does no damage.
You are more poisoned.
Sonja is burned by your cloak of flames.
Sonja is severely wounded.
Sonja closely misses you. Sonja hits you but does no damage.
You are more poisoned.
Sonja is burned by your cloak of flames.
Sonja is almost dead.
You barely miss Sonja.
Sonja is almost dead.
You feel extremely sick. Sonja hits you but does no damage.
You are more poisoned.
Sonja is burned by your cloak of flames.
You kill Sonja!
You feel your dexterity returning.
There is a lethal amount of poison in your body!
You feel extremely sick.
There is a lethal amount of poison in your body!
You die...

#### ##.#####
..# .....#.##
..# ........##
....
.........#
##....
........##
.#..
.........#
##..#
........##
##.)#
........#
##.@#
........#
##..##
........#
##...#
........#
##.####
........###.##
........#..##
..........##
.........##
........##


There were no monsters in sight!

Vanquished Creatures
  Erica (D:9)
  A two-headed ogre (D:11)
  Sonja (Lair:1)
  A wizard (D:11)
  Joseph (D:9)
  Maurice (D:9)
  A kobold demonologist (D:11)
  A komodo dragon (D:11)
  2 guardian mummies (D:10)
  A hornet (D:8)
  5 trolls
  7 small abominations (D:11)
  2 shadows
  A vampire (D:10)
  2 wraiths (D:9)
  9 yaks
  2 vampire mosquitoes (D:7)
  5 large abominations (D:11)
  3 water moccasins
  3 acid dragons
  Pargi (D:4)
  3 sky beasts
  2 orc warriors
  A black bear (D:4)
  2 centaurs (D:10)
  An ogre (D:6)
  7 kobold brigands
  10 bullfrogs
  A gnoll sergeant (D:10)
  6 scorpions
  14 wights
  6 howler monkeys
  3 hounds
  An orc priest (D:9)
  A gnoll bouda (D:9)
  2 jellies
  2 iguanas
  4 orc wizards
  7 gnolls
  8 adders
  2 white imps
  3 ufetubi
  2 dart slugs (D:4)
  25 orcs
  8 endoplasms
  2 giant cockroaches
  7 goblins
  4 hobgoblins (D:1)
  4 jackals (D:2)
  2 quokkas
  4 ball pythons
  5 bats
  2 frilled lizards
  20 kobolds
  2 rats (D:1)
224 creatures vanquished.

Vanquished Creatures (others)
  31 fungi (D:11)
  28 plants (D:11)
59 creatures vanquished.

Grand Total: 283 creatures vanquished

Notes
Turn   | Place    | Note
-------+----------+-------------------------------------------
     0 | D:1      | qw the Formicid Cinder Acolyte began the quest for the Orb.
     0 | D:1      | Reached XP level 1. HP: 18/18 MP: 2/2
     0 | D:1      | 0 ||| qw: Version: 0.1-a-102-g441f92d
     0 | D:1      | 0 ||| qw: Game counter: 5343
     0 | D:1      | 0 ||| qw: Always use a shield: true
     0 | D:1      | 0 ||| qw: God list: Okawaru
     0 | D:1      | 0 ||| qw: Allow faded altars: false
     0 | D:1      | 0 ||| qw: Do Orc after D:15 true
     0 | D:1      | 0 ||| qw: Do second Lair branch before Depths: true
     0 | D:1      | 0 ||| qw: Lair rune preference: random
     0 | D:1      | 0 ||| qw: Plans: Normal
     0 | D:1      | 0 ||| PLANNING D:1-11
   266 | D:1      | Reached XP level 2. HP: 24/24 MP: 3/3
   410 | D:1      | 410 ||| Stepping ~*~*~tactically~*~*~ (stealth).
   534 | D:1      | Reached skill level 4 in Axes
   534 | D:1      | Reached XP level 3. HP: 16/29 MP: 4/4
   741 | D:1      | 741 ||| UPGRADING to +0 scale mail.
   751 | D:1      | 751 ||| DROPPING +0 robe.
   752 | D:1      | 752 ||| UPGRADING to amulet of regeneration.
   757 | D:1      | 757 ||| READING scroll labelled ONLUZA TEORERR.
   758 | D:1      | 758 ||| READING scroll labelled NAYGOG OTIGRET.
   759 | D:1      | 759 ||| DRINKING 2 yellow potions.
   825 | D:2      | 825 ||| Stepping ~*~*~tactically~*~*~ (stealth).
   826 | D:2      | 826 ||| Stepping ~*~*~tactically~*~*~ (stealth).
   853 | D:2      | Reached skill level 1 in Armour
  1202 | D:2      | 1202 ||| Stepping ~*~*~tactically~*~*~ (stealth).
  1203 | D:2      | 1203 ||| Stepping ~*~*~tactically~*~*~ (stealth).
  1333 | D:2      | 1333 ||| UPGRADING to +0 plate armour.
  1343 | D:2      | 1343 ||| DROPPING +0 scale mail.
  1344 | D:2      | 1344 ||| UPGRADING to +0 pair of boots.
  1349 | D:2      | 1349 ||| READING scroll of enchant armour.
  1349 | D:2      | 1349 ||| ENCHANTING +0 pair of boots.
  1350 | D:2      | 1350 ||| READING scroll labelled EQEUCE NEJI.
  1377 | D:2      | 1377 ||| READING scroll labelled LUDIYB BEMUYGG.
  1406 | D:3      | Found Epres's Armour Emporium.
  1467 | D:3      | Found Rior's Antique Armour Shop.
  1535 | D:3      | Found Ocho's General Store.
  1576 | D:3      | Found a faded altar of an unknown god.
  1623 | D:3      | Reached XP level 4. HP: 35/35 MP: 5/5
  1738 | D:3      | Found Ogoany Woluh's Armour Emporium.
  1765 | D:3      | 1765 ||| SHOPLISTING +6 plate armour of Pantheism {*Corrode
                  | rF++ Dex+6} (1014 gold, have 182).
  1765 | D:3      | 1765 ||| SHOPLISTING scarf of resistance (384 gold, have
                  | 182).
  1797 | D:3      | Found Atair's Magic Scroll Shop.
  1812 | D:3      | 1812 ||| BUYING scroll of enchant weapon (90 gold).
  1812 | D:3      | Bought a scroll of enchant weapon for 90 gold pieces
  1812 | D:3      | 1812 ||| BUYING scroll of identify (24 gold).
  1812 | D:3      | Bought a scroll of identify for 24 gold pieces
  1812 | D:3      | 1812 ||| READING scroll of enchant weapon.
  1812 | D:3      | 1812 ||| ENCHANTING -1 hand axe of protection.
  2106 | D:3      | Found a basalt altar of Yredelemnul.
  2107 | D:3      | Found a hide-covered altar of Uskayaw.
  2112 | D:3      | 2112 ||| UPGRADING to +0 pair of gloves.
  2117 | D:3      | 2117 ||| DRINKING 2 lumpy coppery potions.
  2118 | D:3      | 2118 ||| READING 2 scrolls of identify.
  2118 | D:3      | 2118 ||| IDENTIFYING coppery potion
  2208 | D:4      | Noticed Pargi
  2257 | D:4      | Killed Pargi
  2258 | D:4      | Reached skill level 5 in Axes
  2258 | D:4      | Reached XP level 5. HP: 37/41 MP: 6/6
  2309 | D:4      | Found a staircase to the Ecumenical Temple.
  2362 | D:4      | 2362 ||| Stepping ~*~*~tactically~*~*~ (stealth).
  2409 | D:4      | Found an ancient bone altar of Kikubaaqudgha.
  2411 | D:4      | Noticed a black bear
  2415 | D:4      | 2415 ||| Stepping ~*~*~tactically~*~*~ (stealth).
  2432 | D:4      | 2432 ||| INVOKING Fiery Armour.
  2433 | D:4      | Reached XP level 6. HP: 17/47 MP: 7/7
  2433 | D:4      | Killed a black bear
  2436 | D:4      | 2436 ||| FLEEEEING.
  2437 | D:4      | 2437 ||| FLEEEEING.
  2438 | D:4      | 2438 ||| FLEEEEING.
  2439 | D:4      | 2439 ||| FLEEEEING.
  2970 | D:4      | 2970 ||| READING scroll labelled LIPTIAL GOSSU.
  2971 | D:4      | 2971 ||| DRINKING 2 murky coppery potions.
  2972 | D:4      | 2972 ||| READING 3 scrolls of identify.
  2972 | D:4      | 2972 ||| IDENTIFYING red potion
  2973 | D:4      | 2973 ||| READING 2 scrolls of identify.
  2973 | D:4      | 2973 ||| IDENTIFYING inky potion
  2974 | D:4      | 2974 ||| DROPPING potion of ambrosia.
  2975 | D:4      | 2975 ||| DROPPING potion of brilliance.
  2976 | D:4      | 2976 ||| DROPPING potion of attraction.
  2977 | D:4      | 2977 ||| Stepping randomly (stuck).
  2978 | D:4      | 2978 ||| Stepping ~*~*~tactically~*~*~ (cloud).
  3014 | D:5      | Entered Level 5 of the Dungeon
  3059 | D:5      | Reached skill level 6 in Axes
  3059 | D:5      | Reached XP level 7. HP: 52/52 MP: 8/8
  3095 | D:5      | Found an opulent altar of Gozag.
  3109 | D:5      | Noticed a water moccasin
  3128 | D:5      | 3128 ||| INVOKING Fiery Armour.
  3130 | D:5      | HP: 13/52 [poisoned by a water moccasin]
  3131 | D:5      | 3131 ||| DRINKING potion of heal wounds.
  3131 | D:5      | Killed a water moccasin
  3327 | D:5      | 3327 ||| Stepping ~*~*~tactically~*~*~ (stealth).
  3503 | D:5      | 3503 ||| READING scroll labelled ZOL YS SORYDA.
  3504 | D:5      | 3504 ||| READING scroll labelled WOBEKE WUI.
  3739 | D:6      | 3739 ||| INVOKING Fiery Armour.
  3742 | D:6      | Reached skill level 7 in Axes
  3742 | D:6      | Reached XP level 8. HP: 19/61 MP: 9/9
  3912 | D:6      | 3912 ||| Stepping ~*~*~tactically~*~*~ (stealth).
  3974 | D:6      | 3974 ||| READING scroll of brand weapon.
  3974 | D:6      | 3974 ||| BRANDING +0 hand axe of protection.
  3975 | D:6      | 3975 ||| DROPPING +0 flail.
  4249 | D:6      | 4249 ||| Stepping ~*~*~tactically~*~*~ (stealth).
  4287 | D:6      | 4287 ||| INVOKING Fiery Armour.
  4469 | D:6      | Noticed a shadow
  4483 | D:6      | Killed a shadow
  4484 | D:6      | Reached skill level 8 in Axes
  4546 | D:6      | 4546 ||| Stepping ~*~*~tactically~*~*~ (stealth).
  4561 | D:6      | 4561 ||| Stepping ~*~*~tactically~*~*~ (hiding).
  4562 | D:6      | 4562 ||| Stepping ~*~*~tactically~*~*~ (hiding).
  4694 | D:6      | 4694 ||| READING scroll labelled DARGHO GEDOCOUNG.
  4695 | D:6      | 4695 ||| READING 3 scrolls of identify.
  4695 | D:6      | 4695 ||| IDENTIFYING murky emerald potion
  4696 | D:6      | 4696 ||| READING 2 scrolls of identify.
  4696 | D:6      | 4696 ||| IDENTIFYING smoky brown potion
  4697 | D:6      | 4697 ||| DROPPING potion of invisibility.
  4698 | D:6      | 4698 ||| DROPPING potion of lignification.
  4751 | D:7      | Noticed a yak
  4752 | D:7      | 4752 ||| STAIRDANCE
  4752 | D:7      | Noticed a yak
  4855 | D:7      | Noticed a yak
  4856 | D:7      | 4856 ||| STAIRDANCE
  4856 | D:7      | Noticed a yak
  4865 | D:6      | 4865 ||| INVOKING Fiery Armour.
  4868 | D:6      | Killed a yak
  4869 | D:6      | Reached skill level 9 in Axes
  4869 | D:6      | Reached XP level 9. HP: 29/68 MP: 10/10
  4910 | D:7      | 4910 ||| STAIRDANCE
  4918 | D:6      | Reached skill level 6 in Fighting
  4937 | D:7      | 4937 ||| STAIRDANCE
  4991 | D:7      | 4991 ||| Stepping ~*~*~tactically~*~*~ (stealth).
  4992 | D:7      | 4992 ||| Stepping ~*~*~tactically~*~*~ (stealth).
  4993 | D:7      | 4993 ||| Stepping ~*~*~tactically~*~*~ (stealth).
  4996 | D:7      | 4996 ||| FLEEEEING.
  4997 | D:7      | 4997 ||| FLEEEEING.
  4999 | D:7      | 4999 ||| FLEEEEING.
  5000 | D:7      | 5000 ||| FLEEEEING.
  5001 | D:7      | 5001 ||| FLEEEEING.
  5002 | D:7      | 5002 ||| FLEEEEING.
  5003 | D:7      | 5003 ||| FLEEEEING.
  5004 | D:7      | 5004 ||| FLEEEEING.
  5007 | D:7      | 5007 ||| FLEEEEING.
  5008 | D:7      | 5008 ||| FLEEEEING.
  5009 | D:7      | 5009 ||| FLEEEEING.
  5010 | D:7      | 5010 ||| FLEEEEING.
  5011 | D:7      | 5011 ||| FLEEEEING.
  5012 | D:7      | 5012 ||| FLEEEEING.
  5013 | D:7      | 5013 ||| FLEEEEING.
  5014 | D:7      | 5014 ||| STAIRDANCE
  5054 | D:6      | 5054 ||| READING scroll labelled JAELIZ QEHEAR.
  5060 | D:7      | Reached skill level 10 in Axes
  5157 | D:7      | 5157 ||| SWAPPING to +0 war axe.
  5202 | D:7      | Reached skill level 6 in Armour
  5613 | D:8      | Reached XP level 10. HP: 67/79 MP: 11/11
  5769 | D:8      | Identified the +2 pair of boots of Qeohun {rElec rF- Int+4
                  | Stlth+}
  5873 | D:8      | Reached skill level 11 in Axes
  5895 | D:8      | Found a broken altar of Ashenzari.
  6019 | D:8      | 6019 ||| FLEEEEING.
  6021 | D:8      | 6021 ||| FLEEEEING.
  6047 | D:8      | 6047 ||| SWAPPING to +3 battleaxe of freezing.
  6048 | D:8      | 6048 ||| DROPPING +0 war axe.
  6063 | D:8      | 6063 ||| Stepping ~*~*~tactically~*~*~ (stealth).
  6080 | D:8      | Found a runed translucent door.
  6117 | D:8      | 6117 ||| Stepping ~*~*~tactically~*~*~ (stealth).
  6126 | D:8      | 6126 ||| Stepping ~*~*~tactically~*~*~ (stealth).
  6128 | D:8      | 6128 ||| Stepping ~*~*~tactically~*~*~ (stealth).
  6134 | D:8      | 6134 ||| FLEEEEING.
  6135 | D:8      | 6135 ||| FLEEEEING.
  6136 | D:8      | 6136 ||| FLEEEEING.
  6137 | D:8      | 6137 ||| FLEEEEING.
  6138 | D:8      | 6138 ||| FLEEEEING.
  6139 | D:8      | 6139 ||| FLEEEEING.
  6140 | D:8      | 6140 ||| FLEEEEING.
  6141 | D:8      | 6141 ||| FLEEEEING.
  6142 | D:8      | 6142 ||| FLEEEEING.
  6143 | D:8      | 6143 ||| FLEEEEING.
  6144 | D:8      | 6144 ||| FLEEEEING.
  6291 | D:8      | Found a runed translucent door.
  6602 | D:8      | Noticed a two-headed ogre
  6603 | D:8      | 6603 ||| READING scroll labelled OMAFIS YNISH.
  6651 | D:9      | 6651 ||| INVOKING Fiery Armour.
  6741 | D:9      | Noticed Maurice
  6742 | D:9      | 6742 ||| Stepping ~*~*~tactically~*~*~ (hiding).
  6751 | D:9      | Killed Maurice
  6752 | D:9      | Reached skill level 12 in Axes
  6764 | D:9      | Noticed Erica
  6769 | D:9      | 6769 ||| INVOKING Fiery Armour.
  6778 | D:9      | Killed Erica
  6828 | D:9      | 6828 ||| Stepping ~*~*~tactically~*~*~ (stealth).
  6833 | D:9      | Found an ornate altar of the Wu Jian Council.
  6861 | D:9      | Reached XP level 11. HP: 54/86 MP: 12/12
  6867 | D:9      | 6867 ||| FLEEEEING.
  6922 | D:9      | 6922 ||| Stepping ~*~*~tactically~*~*~ (stealth).
  6926 | D:9      | 6926 ||| Stepping ~*~*~tactically~*~*~ (stealth).
  6929 | D:9      | Noticed Joseph
  6930 | D:9      | 6930 ||| Stepping ~*~*~tactically~*~*~ (hiding).
  6939 | D:9      | 6939 ||| INVOKING Fiery Armour.
  6942 | D:9      | Killed Joseph
  6943 | D:9      | Reached skill level 13 in Axes
  7012 | D:9      | 7012 ||| Stepping ~*~*~tactically~*~*~ (stealth).
  7015 | D:9      | 7015 ||| Stepping ~*~*~tactically~*~*~ (stealth).
  7173 | D:9      | Found a runed translucent gate.
  7174 | D:9      | Found a runed translucent gate.
  7174 | D:9      | Found a runed translucent gate.
  7175 | D:9      | Noticed qw's ghost (novice TrCA)
  7175 | D:9      | Noticed qw's ghost (journeyman TrCA)
  7175 | D:9      | Noticed qw's ghost (novice TrCA)
  7198 | D:9      | Noticed a five-headed hydra
  7199 | D:9      | Noticed a centaur warrior
  7199 | D:9      | Noticed a five-headed hydra
  7202 | D:9      | Noticed a boulder beetle
  7202 | D:9      | Noticed a two-headed ogre
  7202 | D:9      | Noticed a deep elf pyromancer
  7202 | D:9      | Noticed a purple ugly thing
  7362 | D:9      | 7362 ||| UPGRADING to +1 cloak.
  7367 | D:9      | 7367 ||| READING scroll labelled WAPNIUW CEPUG.
  7390 | D:10     | Entered Level 10 of the Dungeon
  7417 | D:10     | 7417 ||| Stepping ~*~*~tactically~*~*~ (hiding).
  7423 | D:10     | 7423 ||| Stepping ~*~*~tactically~*~*~ (stealth).
  7569 | D:10     | 7569 ||| Stepping ~*~*~tactically~*~*~ (stealth).
  7571 | D:10     | 7571 ||| Stepping ~*~*~tactically~*~*~ (stealth).
  7620 | D:10     | 7620 ||| Stepping ~*~*~tactically~*~*~ (stealth).
  7622 | D:10     | 7622 ||| Stepping ~*~*~tactically~*~*~ (stealth).
  7624 | D:10     | 7624 ||| Stepping ~*~*~tactically~*~*~ (hiding).
  7634 | D:10     | Reached skill level 9 in Fighting
  7676 | D:10     | Identified the +6 glaive of the Jester {drain, rC++ rN+
                  | Dex-4}
  7677 | D:10     | 7677 ||| Stepping ~*~*~tactically~*~*~ (stealth).
  7679 | D:10     | 7679 ||| Stepping ~*~*~tactically~*~*~ (hiding).
  7680 | D:10     | 7680 ||| Stepping ~*~*~tactically~*~*~ (hiding).
  7840 | D:10     | 7840 ||| Stepping ~*~*~tactically~*~*~ (stealth).
  7848 | D:10     | Reached skill level 1 in Throwing
  8098 | D:10     | Found a portal to a secret trove of treasure.
  8299 | D:10     | 8299 ||| UPGRADING to +2 pair of boots.
  8309 | D:10     | 8309 ||| DROPPING +1 pair of boots.
  8310 | D:10     | 8310 ||| READING scroll labelled PIUMAOZOIF.
  8342 | D:11     | 8342 ||| STAIRDANCE
  8404 | D:11     | Reached skill level 9 in Armour
  8404 | D:11     | Found a staircase to the Lair.
  8415 | D:11     | 8415 ||| INVOKING Fiery Armour.
  8420 | D:11     | Noticed a two-headed ogre
  8428 | D:11     | Killed a two-headed ogre
  8434 | D:11     | 8434 ||| Stepping ~*~*~tactically~*~*~ (stealth).
  8437 | D:11     | 8437 ||| Stepping ~*~*~tactically~*~*~ (stealth).
  8451 | D:11     | 8451 ||| FLEEEEING.
  8452 | D:11     | 8452 ||| FLEEEEING.
  8453 | D:11     | 8453 ||| FLEEEEING.
  8454 | D:11     | 8454 ||| FLEEEEING.
  8458 | D:11     | HP: 21/89 [asphyx]
  8459 | D:11     | 8459 ||| DRINKING 2 potions of heal wounds.
  8461 | D:11     | 8461 ||| DRINKING potion of heal wounds.
  8467 | D:11     | HP: 22/89 [poisoned by a kobold brigand (curare-tipped
                  | dart)]
  8468 | D:11     | Reached skill level 14 in Axes
  8468 | D:11     | Reached XP level 12. HP: 23/95 MP: 13/13
  8485 | D:11     | 8485 ||| FLEEEEING.
  8486 | D:11     | 8486 ||| FLEEEEING.
  8487 | D:11     | 8487 ||| FLEEEEING.
  8488 | D:11     | 8488 ||| FLEEEEING.
  8489 | D:11     | 8489 ||| FLEEEEING.
  8490 | D:11     | 8490 ||| FLEEEEING.
  8491 | D:11     | 8491 ||| FLEEEEING.
  8492 | D:11     | 8492 ||| FLEEEEING.
  8493 | D:11     | 8493 ||| FLEEEEING.
  8494 | D:11     | 8494 ||| FLEEEEING.
  8498 | D:11     | 8498 ||| FLEEEEING.
  8499 | D:11     | 8499 ||| FLEEEEING.
  8500 | D:11     | 8500 ||| FLEEEEING.
  8501 | D:11     | 8501 ||| STAIRDANCE
  8847 | D:11     | Found a staircase to the Orcish Mines.
  8934 | D:11     | 8934 ||| INVOKING Fiery Armour.
  8962 | D:11     | 8962 ||| FLEEEEING.
  8963 | D:11     | 8963 ||| FLEEEEING.
  8964 | D:11     | 8964 ||| FLEEEEING.
  8965 | D:11     | 8965 ||| FLEEEEING.
  8966 | D:11     | 8966 ||| FLEEEEING.
  9017 | D:11     | Identified the ring of Assytamn {rC+ rN+ AC+4 Slay+2}
  9093 | D:11     | 9093 ||| PLANNING LAIR
  9093 | D:11     | 9093 ||| UPGRADING to ring of Assytamn {rC+ rN+ AC+4
                  | Slay+2}.
  9094 | D:11     | 9094 ||| DRINKING 2 black potions.
  9095 | D:11     | 9095 ||| DRINKING 2 smoky cyan potions.
  9096 | D:11     | 9096 ||| DROPPING potion of degeneration.
  9117 | Lair:1   | Entered Level 1 of the Lair of Beasts
  9161 | Lair:1   | Noticed Sonja
  9162 | Lair:1   | 9162 ||| INVOKING Fiery Armour.
  9174 | Lair:1   | HP: 14/97 [poisoned by Sonja]
  9174 | Lair:1   | Killed Sonja
  9175 | Lair:1   | HP: 1/97 [poisoned by Sonja]
  9176 | Lair:1   | Succumbed to Sonja's poison

Levels and vault maps discovered:
D:1:      psy_arrival_conway, layout_rooms
D:2:      layout_loops_cross, minmay_misc_feat_diagonals
D:3:      layout_basic, gammafunk_temple_overflow_statue, serial_shops,
          nicolae_shop_crystal, nicolae_diamond_shop, shop_coins, shop,
          shop_statue, shapermc_ecumenical_altar_starsandcircs
D:4:      layout_gridville, minmay_temple_entry_statues_pillars,
          minmay_ruined_shrine, uniq_pargi
D:5:      layout_rooms, general_overflow_altar
D:6:      layout_basic, minmay_manual_macuahuitl
D:7:      layout_rooms
D:8:      cheibrodos_histonic, layout_loops_ring,
          mainiacjoe_overflow_small_starburst, onia_ninara_dug_in_and_dangerous
D:9:      layout_cave_pools, nzn_wu_jian_contemplation,
          gammafunk_ghost_cemetery, hangedman_decor_push, minivault_12,
          uniq_joseph, uniq_erica, uniq_maurice
D:10:     layout_cave_pools, nicolae_trove_entry_path_of_doom
D:11:     layout_gridville, due_lair_maze_entry_diamond, serial_rivers,
          chequers_serial_rivers_marsh, chequers_serial_rivers_micro_b,
          chequers_serial_rivers_room_a, chequers_serial_rivers_small_a,
          chequers_serial_rivers_micro_b, laboratory
Lair:1:   layout_cave_pods, grunt_megastairs_2, uniq_sonja

Skill      XL: |  1  2  3  4  5  6  7  8  9 10 11 12 |
---------------+-------------------------------------+-----
Axes           | 4 5 6 7 9 10 12 14 | 14.7
Armour         | 1 2 4 6 7 9 |  9.0
Fighting       | 4 5 7 8 9 10 | 10.1
Dodging        | 2 |  2.0
Throwing       | 2 |  2.1
Spellcasting   | |  1.1
Fire Magic     | |  3.0

Action                   |  1- 3 |  4- 6 |  7- 9 | 10-12 || total
-------------------------+-------+-------+-------+-------++-------
Melee: Hand axe          |    93 |   138 |   227 |       ||   458
       Punch             |       |     2 |     7 |     2 ||    11
       War axe           |       |       |    56 |    73 ||   129
       Battleaxe         |       |       |       |   239 ||   239
       Unarmed           |       |       |       |    16 ||    16
Throw: Boomerang         |       |       |       |    35 ||    35
Invok: Fiery Armour      |       |     1 |     4 |     6 ||    11
  Use: Scroll            |     5 |     5 |     7 |     3 ||    20
       Potion            |     1 |     2 |     1 |     4 ||     8
Armor: Robe              |     4 |       |       |       ||     4
       Scale mail        |    16 |       |       |       ||    16
       Plate armour      |    10 |   216 |   162 |   215 ||   603
       Skin              |       |       |       |     3 ||     3
Dodge: Dodged            |    54 |    62 |   107 |   109 ||   332

Table legend:
 A = Non-vault XP
 B = Vault XP
 C = Vault XP percentage of total XP
 D = Non-vault monster count
 E = Vault monster count
 F = Vault count percentage of total count
                 A         B        C        D         E       F
            +---------+---------+-------+---------+---------+-------
      Total |   10940 |    8509 |  43.8 |     180 |      44 |  19.6
            +---------+---------+-------+---------+---------+-------
        D:1 |      30 |       0 |   0.0 |      18 |       0 |   0.0
        D:2 |      35 |       0 |   0.0 |      13 |       0 |   0.0
        D:3 |      24 |       0 |   0.0 |       8 |       0 |   0.0
        D:4 |      78 |     323 |  80.5 |       9 |       9 |  50.0
        D:5 |     337 |       0 |   0.0 |       8 |       0 |   0.0
        D:6 |    1583 |     353 |  18.2 |      22 |       5 |  18.5
        D:7 |     987 |       0 |   0.0 |      10 |       0 |   0.0
        D:8 |    1584 |       0 |   0.0 |      26 |       0 |   0.0
        D:9 |    2181 |    1749 |  44.5 |      32 |       3 |   8.6
       D:10 |    1749 |     652 |  27.2 |      20 |       2 |   9.1
       D:11 |    2262 |    4650 |  67.3 |      13 |      24 |  64.9
     Lair:1 |      90 |     782 |  89.7 |       1 |       1 |  50.0
            +---------+---------+-------+---------+---------+-------
